 Dungeon Crawl Stone Soup version 0.26-a0-672-g1df16c3386 (webtiles) character file.

Game seed: 6969842321232695241

39 somkeydreadnuts the Magician (level 3, 0/28 HPs)
             Began as a Deep Elf Venom Mage on Oct 20, 2020.
             Succumbed to an adder's poison
             ... on level 2 of the Dungeon.
             The game lasted 00:05:48 (1148 turns).

somkeydreadnuts the Magician (Deep Elf Venom Mage)  Turns: 1148, Time: 00:05:49

Health: 0/28       AC: 21    Str:  5    XL:     3   Next: 26%
Magic:  8/11       EV:  2    Int: 20    God:
Gold:   95         SH:  0    Dex: 15    Spells: 10/11 levels left

rFire    . . .     SeeInvis .   h - +0 dagger
rCold    . . .     Faith    .   (no shield)
rNeg     + + +     Spirit   .   (armour currently unavailable)
rPois    +         Reflect  .   (helmet currently unavailable)
rElec    .         Harm     .   (cloak currently unavailable)
rCorr    .         Rampage  .   (gloves currently unavailable)
MR       .....     NoTele   +   (boots currently unavailable)
Stlth    ++........             (no amulet)
HPRegen  0.09/turn              (no ring)
MPRegen  0.12/turn              (no ring)

@: lethally poisoned (0 -> -2), tree-form
A: no striking features
a: no special abilities


You were on level 2 of the Dungeon.
You were a tree.
You visited 1 branch of the dungeon, and saw 2 of its levels.

You collected 95 gold pieces.

Inventory:

Hand Weapons
 g - a cursed +0 whip
 h - a +0 dagger (weapon)
Armour
 a - a +0 robe (melded)
 b - a +0 buckler
Jewellery
 e - an uncursed ring of protection from fire {unknown}
Scrolls
 c - a scroll of fear {unknown}
 d - 2 scrolls of identify {unknown}


   Skills:
 - Level 2.4 Dodging
 - Level 2.4 Stealth
 + Level 4.7 Spellcasting
 - Level 1.1 Transmutations
 - Level 3.6 Poison Magic


You had 10 spell levels left.
You knew the following spells:

 Your Spells              Type           Power        Failure   Level
a - Sting                 Tmut/Pois      ##..         4%          1

Your spell library contained the following spells:

 Spells                   Type           Power        Failure   Level
 Poisonous Vapours        Pois/Air       ##....       9%          2
 Ignite Poison            Fire/Tmut/Pois ##......     19%         3
 Mephitic Cloud           Conj/Pois/Air  #.......     22%         3
 Olgreb's Toxic Radiance  Pois           ###.....     26%         4


Dungeon Overview and Level Annotations

Branches:
Dungeon (2/15)

Altars:


Message History

You feel sick.
There is a lethal amount of poison in your body!
* * * LOW HITPOINT WARNING * * *
You feel sick.
* * * LOW HITPOINT WARNING * * *
You feel sick.
It was a potion of lignification.
You turn into a tree.
Your +0 robe melds into your body.
Your roots penetrate the ground.
You cannot move.
* * * LOW HITPOINT WARNING * * *
You feel sick.
* * * LOW HITPOINT WARNING * * *
You feel sick.
* * * LOW HITPOINT WARNING * * *
You feel sick.
* * * LOW HITPOINT WARNING * * *
You feel sick.
* * * LOW HITPOINT WARNING * * *
You feel sick.
You die...

.....#
####....
.....#
##.###
######
###..#
#...##
##.### ##..#
#######..##
###...<...##
#♣†.#######
#(..###
#...###
....## ###


There were no monsters in sight!

Vanquished Creatures
  An adder (D:2)
  A dart slug (D:1)
  2 giant cockroaches (D:2)
  5 goblins
  4 hobgoblins
  2 kobolds (D:2)
  5 bats
  5 frilled lizards
  2 rats (D:1)
27 creatures vanquished.

Notes
Turn   | Place    | Note
-------+----------+-------------------------------------------
     0 | D:1      | somkeydreadnuts the Deep Elf Venom Mage began the quest for
                  | the Orb.
     0 | D:1      | Reached XP level 1. HP: 10/10 MP: 6/6
   346 | D:1      | Reached XP level 2. HP: 15/15 MP: 5/8
   803 | D:2      | Reached skill level 4 in Spellcasting
  1021 | D:2      | Reached XP level 3. HP: 16/19 MP: 4/10
  1140 | D:2      | HP: 1/28 [poisoned by an adder]
  1148 | D:2      | Succumbed to an adder's poison

Illustrated notes

Levels and vault maps discovered:
D:1:      minmay_arrival_wavy_path, layout_loops_ring, grunt_decor_resistance
D:2:      layout_rooms, marbit_many_paths, chequers_ecumenical_altar_simple,
          nrook_loot_triangle

Skill      XL: |  1  2 |
---------------+-------+-----
Spellcasting   | 4 |  4.7
Dodging        | |  2.4
Stealth        | |  2.4
Transmutations | |  1.1
Poison Magic   | |  3.6

Action                   || total
-------------------------++-------
Melee: Unarmed           ||     2
       Dagger            ||     2
 Cast: Sting             ||    52
  Use: Potion            ||     1
Armor: Robe              ||     1
Dodge: Dodged            ||    16

Table legend: (Time is in decaauts)
 A = Elapsed time spent in this place.
 B = Non-inter-level travel time spent in this place.
 C = Inter-level travel time spent in this place.
 D = Time resting spent in this place.
 E = Time spent auto-exploring this place.
 F = Levels seen in this place.
 G = Mean time per level.
                   A        B        C        D        E       F      G
               +--------+--------+--------+--------+--------+-----+--------+
         Total |   1147 |   1147 |      0 |      0 |    860 |   2 |  573.5 |
       Dungeon |   1147 |   1147 |      0 |      0 |    860 |   2 |  573.5 |
               +--------+--------+--------+--------+--------+-----+--------+

Top non-repeatable levels by time:
     D:1: 785 daAuts
     D:2: 362 daAuts
